 Dungeon Crawl Stone Soup version 0.30.1-10-g1249ef9ec4 (webtiles) character file.

Game seed: 11054438819410631303

67 tizbic2 the Shooter (level 4, -4/34 HPs)
             Began as a Human Hunter on Oct 26, 2023.
             Slain by a black bear (7 damage)
             ... on level 3 of the Dungeon.
             The game lasted 00:03:54 (1793 turns).

tizbic2 the Shooter (Human Hunter)                  Turns: 1793, Time: 00:03:55

Health: -4/34      AC:  7    Str: 11    XL:     4   Next: 38%
Magic:  4/4        EV: 11    Int: 10    God:
Gold:   112        SH:  0    Dex: 18    Spells: 3/3 levels left

rFire   . . .        w - +1 shortbow
rCold   . . .        (shield currently unavailable)
rNeg    . . .        f - +0 ring mail
rPois   .            (no helmet)
rElec   .            (no cloak)
rCorr   .            h - +0 pair of gloves
SInv    .            s - +0 pair of boots
Will    .....        (no amulet) Stlth
                     (no ring)
HPRegen 0.25/turn    (no ring)
MPRegen 0.09/turn

%: no passive effects
@: confused, ambrosia-drunk
A: no striking features
a: no special abilities


You were on level 3 of the Dungeon.
You visited 1 branch of the dungeon, and saw 3 of its levels.

You collected 112 gold pieces.

Inventory:

Hand Weapons
 a - a +0 long sword
 w - a +1 shortbow (weapon)
Missiles
 k - 2 throwing nets
Armour
 c - a +0 leather armour
 f - a +0 ring mail (worn)
 h - a +0 pair of gloves (worn)
 s - a +0 pair of boots (worn)
 v - a +0 chain mail
Scrolls
 b - a scroll of immolation
 e - 2 scrolls of teleportation
 g - a scroll of enchant armour
 j - 2 scrolls of poison {unknown}
 m - a scroll of magic mapping {unknown}
 n - 2 scrolls of summoning
 u - a scroll of noise {unknown}
Potions
 d - 2 potions of ambrosia
 i - a potion of invisibility {unknown}
 l - 2 potions of might {unknown}
 p - 2 potions of curing {unknown}
 q - a potion of lignification {unknown}
 r - a potion of cancellation {unknown}
 t - a potion of haste {unknown}


   Skills:
 + Level 2.6 Fighting
 * Level 4.6 Ranged Weapons
 + Level 2.5 Dodging
 + Level 2.0 Stealth


You had 3 spell levels left.
You didn't know any spells.
Your spell library was empty.

Dungeon Overview and Level Annotations

Branches:
Dungeon (3/15)

Altars:
Sif Muna

Shops:
D:1 *


Message History

The arrow hits the black bear but does no damage.
The black bear is severely wounded.
The black bear barely misses you.
The black bear claws you but does no damage. x2
A worm comes into view.
You shoot an arrow. The arrow hits the black bear!
The black bear is almost dead.
The black bear bites you. The black bear claws you.
The black bear barely misses you.
You shoot an arrow.
The arrow hits the black bear but does no damage.
The black bear is almost dead.
The black bear bites you.
The black bear claws you but does no damage.
The black bear closely misses you.
The black bear goes berserk!
It was a potion of ambrosia.
You are confused.
You feel invigorated. The black bear bites you!
* * * LOW HITPOINT WARNING * * *
The black bear claws you but does no damage.
The black bear barely misses you.
The black bear attacks as you move away!
The black bear bites you.
* * * LOW HITPOINT WARNING * * *
The black bear claws you but does no damage.
The black bear misses you.
The black bear bites you but does no damage.
The black bear claws you but does no damage.
The black bear claws you.
* * * LOW HITPOINT WARNING * * *
The black bear attacks as you move away!
The black bear barely misses you.
The black bear claws you but does no damage.
The black bear closely misses you.
You're too confused to move!
The black bear bites you!
* * * LOW HITPOINT WARNING * * *
The black bear claws you.
* * * LOW HITPOINT WARNING * * *
The black bear barely misses you. The black bear bites you!
You die...

... .... . ....# ##.#.... .. .
.#....#. ......# ...
.###..#..†.##.##.###.########
.........$...........##.....##
.#...†....##.................##
.##..##.......................#
.....###.#....................#
.h....<....w...h@...........<.#
#....###.#....................#
..##..# ##...................#
#####.# ##...................#
........................##
.##†###................## ... #
####.(.......##### ##
####......# ##.#.###


You could see a black bear (berserk) and a worm.

Vanquished Creatures
  Terence (D:2)
  An adder (D:2)
  A dart slug (D:1)
  2 bats (D:1)
  4 goblins
  A hobgoblin (D:1)
  2 quokkas
  6 ball pythons
  2 frilled lizards
  4 kobolds (D:1)
  4 rats
28 creatures vanquished.

Vanquished Creatures (collateral kills)
  A rat (D:2)
1 creature vanquished.

Grand Total: 29 creatures vanquished

Notes
Turn   | Place    | Note
-------+----------+-------------------------------------------
     0 | D:1      | tizbic2 the Human Hunter began the quest for the Orb.
     0 | D:1      | Reached XP level 1. HP: 16/16 MP: 1/1
    87 | D:1      | Reached XP level 2. HP: 22/22 MP: 2/2
   178 | D:1      | Found Setoluc's General Store.
   529 | D:1      | Reached XP level 3. HP: 27/27 MP: 3/3
   737 | D:2      | Noticed Terence
   744 | D:2      | Killed Terence
   876 | D:2      | Reached XP level 4. HP: 34/34 MP: 4/4
  1355 | D:2      | Found a shimmering blue altar of Sif Muna.
  1698 | D:3      | Noticed a black bear
  1793 | D:3      | Slain by a black bear

Illustrated notes

Levels and vault maps discovered:
D:1:      dpeg_arrival_pits, layout_basic, serial_shops,
          nicolae_shop_window_shopping
D:2:      layout_basic, basic_altar, uniq_terence
D:3:      layout_rooms, uniq_natasha, uniq_crazy_yiuf_cottage

Skill      XL: |  1  2  3  4 |
---------------+-------------+-----
Stealth        | 2 |  2.0
Fighting       | |  2.6
Ranged Weapons | |  4.6
Dodging        | |  2.5

Action                     |  1- 3 |  4- 6 || total
---------------------------+-------+-------++-------
  Melee: Long sword        |       |     9 ||     9
   Fire: Shortbow          |    48 |    22 ||    70
    Use: Scroll            |     4 |       ||     4
         Potion            |       |     1 ||     1
 Armour: Leather armour    |     4 |       ||     4
         Ring mail         |       |    23 ||    23
  Dodge: Dodged            |    14 |    27 ||    41
